 Seeded DCSS version 0.29.1-15-g9cfb28693d (webtiles) character file.

Game seed: 11851575853161599096 (custom seed)

1573 Sanktem7 the Shield-Bearer (level 9, 0/69 HPs)
             Began as a Formicid Fighter on Mar 20, 2023.
             Was an Initiate of Okawaru.
             Succumbed to a kobold's poison
             ... on level 7 of the Dungeon.
             The game lasted 00:06:31 (5455 turns).

Sanktem7 the Shield-Bearer (Formicid Fighter)       Turns: 5455, Time: 00:06:32

Health: 0/69       AC: 27    Str: 26    XL:     9   Next: 13%
Magic:  9/9        EV: 11    Int:  7    God:    Okawaru [......]
Gold:   242        SH:  6    Dex: 13    Spells: 8/8 levels left

rFire   . . .      SeeInvis +   k - +0 battleaxe {axe}
rCold   . . .      Faith    .   c - +0 buckler
rNeg    . . .      Spirit   .   w - +15 Maxwell's patent armour {-Cast -Tele rElec Will+ rCorr}
rPois   .          Reflect  .   (helmet unavailable)
rElec   +          Harm     .   (no cloak)
rCorr   +          Rampage  .   (no gloves)
Will    +....      NoCast   +   (no boots)
Stlth   ..........              (no amulet)
HPRegen 0.21/turn               j - +4 ring of evasion
MPRegen 0.11/turn               s - +4 ring of slaying

@: lethally poisoned (0 -> -11)
A: permanent stasis, dig shafts and tunnels, antennae 3, four strong arms
a: Dig, Shaft Self, Renounce Religion


You were on level 7 of the Dungeon.
You worshipped Okawaru.
Okawaru was noncommittal.
You visited 1 branch of the dungeon, and saw 7 of its levels.

You collected 346 gold pieces.
You spent 104 gold pieces at shops.


Innate Abilities, Weirdness & Mutations

You cannot be hasted, slowed, berserked, paralysed or teleported.
You can dig through walls and to a lower floor.
You have a pair of large antennae on your head. (SInv)
Your four strong arms can wield two-handed weapons with a shield.


   Skills:
 + Level 6.2 Fighting
 * Level 7.0 Axes
 + Level 0.7 Throwing
 + Level 6.1 Armour
 + Level 7.4 Shields
 + Level 1.0 Invocations


You had 8 spell levels left.
You didn't know any spells.
Your spell library contained the following spells:

 Spells                   Type           Power      Damage    Failure   Level
 Shock                    Conj/Air       0%         1d3       100%        1
 Static Discharge         Conj/Air       0%         3-3/arc   100%        2
 Airstrike                Air            0%         2d(0-16)  100%        4
 Alistair's Intoxication  Tmut/Pois      0%         N/A       100%        5
 Borgnjor's Vile Clutch   Necr/Erth      0%         N/A       100%        5
 Iskenderun's Battlesphe  Conj           0%         2d6       100%        5
 Lightning Bolt           Conj/Air       0%         1d11      100%        5
 Eringya's Noxious Bog    Tmut/Pois      0%         N/A       100%        6
 Iron Shot                Conj/Erth      0%         9d1       100%        6
 Maxwell's Capacitive Co  Air            0%         ∞         100%        8
 Swiftness                Air            Unusable   N/A       N/A         3
 Spellforged Servitor     Conj/Summ      Unusable   N/A       N/A         7

Inventory:

Hand Weapons
 k - a +0 battleaxe (weapon) {axe}
   (You found it on level 2 of the Dungeon)
 y - a +1 flail of protection {mace}
   (You took it off an orc on level 5 of the Dungeon)
 D - a +1 vampiric dagger {short}
   (You took it off a kobold on level 6 of the Dungeon)
Missiles
 h - 5 boomerangs {throwing}
 n - 49 stones {throwing}
 u - 15 poisoned darts {throwing}
 C - a curare-tipped dart {=fthrowing}
Armour
 b - a scarf of harm
   (You found it on level 4 of the Dungeon)
 c - a +0 buckler (worn)
 w - the +15 Maxwell's patent armour (worn) {-Cast -Tele rElec Will+ rCorr}
   (You found it on level 3 of the Dungeon)

   rElec:     It insulates you from electricity.
   -Cast:     It prevents spellcasting.
   -Tele:     It prevents most forms of teleportation.
   rCorr:     It protects you from acid and corrosion.
   Will:      It increases your willpower.
 I - the +1 scale mail of Varoxzih {+Blink Int+5}
   (You found it on level 7 of the Dungeon)

   Int:       It affects your intelligence (+5).
   +Blink:    It lets you blink.
Jewellery
 j - a +4 ring of evasion (left hand)
   (You found it on level 2 of the Dungeon)
 s - a +4 ring of slaying (right hand)
   (You found it on level 1 of the Dungeon)
 H - a +6 ring of strength
   (You found it on level 7 of the Dungeon)
Wands
 a - a wand of paralysis (21)
   (You found it on level 4 of the Dungeon)
 F - a wand of flame (25)
   (You found it on level 6 of the Dungeon)
Scrolls
 i - 5 scrolls of teleportation {unknown}
 l - a scroll of enchant weapon {unknown}
 m - 2 scrolls of blinking {unknown}
 p - 2 scrolls of poison {unknown}
 q - 2 scrolls of noise {unknown}
 r - 4 scrolls of identify {@r1}
 t - 2 scrolls of enchant armour {unknown}
 x - a scroll of fog {unknown}
 B - a scroll of acquirement {unknown}
Potions
 d - 2 potions of might
 e - 7 potions of curing {@q1}
 f - 4 potions of haste {unknown}
 g - 3 potions of brilliance {unknown}
 o - 3 potions of mutation {unknown}
 v - 2 potions of flight {unknown}
 z - 2 potions of berserk rage {unknown}
 A - a potion of heal wounds {unknown}
 E - a potion of lignification {unknown}
 G - 2 potions of invisibility {unknown}

Dungeon Overview and Level Annotations

Branches:
Dungeon (7/15) Zot: 26494  Temple (0/1) D:5

Altars:
Okawaru
Uskayaw
Wu Jian

Shops:
D:4 [   D:5 [   D:7 *

Annotations:
D:7 1 runed translucent door, AverageBear's ghost, novice OpTm

......# #...........
........ #........)).
.......# #.#......).#
.......# #........)..
.......# ###.........
.
.....h.##+#######.#...
....!...........#
#.#.##
.....###).......#
#.#.##
......)@......8.#
#.#.#.
.....####.......#
#.#.#. ...
#.....<.###.#.#. .
#...........#.#.
#######∩######.#.
.............)...
#######8#.#.)..##
#...#)#### #####)#


There were no monsters in sight!


Message History

You feel sick.
You are no longer poisoned.
The howler monkey hoots and howls with incredible vigour!
The sky beast hits you but does no damage.
The kobold brigand hits you but does no damage.
The kobold hits you but does no damage. You block the kobold brigand's attack.
The sky beast hits you but does no damage. 😮 HP[-1]
You take 1 damage, and now have 40/69 hp.
You slash the kobold!
You kill the kobold!
Okawaru accepts your kill.
You hit the kobold brigand but do no damage.
You closely miss the sky beast. The sky beast closely misses you.
You block the kobold brigand's attack.
The kobold throws a stone.
The stone barely misses the sky beast.
The stone barely misses you.
The stone hits the kobold.
You closely miss the kobold. You slice the kobold brigand!!
You kill the kobold brigand!
Okawaru accepts your kill.
You barely miss the sky beast. You block the sky beast's attack.
The kobold hits you but does no damage.
You are poisoned.
The howler monkey hits you but does no damage.
Your Axes skill increases to level 7!
You closely miss the sky beast. You closely miss the howler monkey.
You barely miss the kobold.
You feel very sick.
The sky beast hits you but does no damage.
The kobold hits you with a +0 whip of venom.
* * * LOW HITPOINT WARNING * * *
You are more poisoned.
The howler monkey closely misses you. The kobold closely misses you.
The sky beast hits you but does no damage. 😨 HP[-6]
You take 6 damage, and now have 34/69 hp.
You barely miss the sky beast. You barely miss the kobold.
You closely miss the howler monkey.
You feel very sick. You block the howler monkey's attack.
The howler monkey hits you but does no damage.
The kobold hits you but does no damage.
You are more poisoned.
The sky beast misses you. 😨 HP[-4]
You take 4 damage, and now have 30/69 hp.
You slash the sky beast! You hit the kobold but do no damage.
You closely miss the howler monkey.
* * * LOW HITPOINT WARNING * * *
You feel extremely sick.
The howler monkey hits you but does no damage.
The sky beast misses you. The kobold hits you but does no damage.
You are lethally poisoned!
The howler monkey hits you but does no damage.
The kobold barely misses you.
The sky beast hits you but does no damage. 😨 HP[-7]
You take 7 damage, and now have 23/69 hp.
You miss the sky beast. You hit the howler monkey. You slash the kobold!
You kill the kobold!
Okawaru accepts your kill.
* * * LOW HITPOINT WARNING * * *
You feel extremely sick. You block the howler monkey's attack.
The sky beast closely misses you. 😱 HP[-8]
You take 8 damage, and now have 15/69 hp.
You barely miss the sky beast. You closely miss the howler monkey. x2
* * * LOW HITPOINT WARNING * * *
You feel very sick.
The howler monkey hits you but does no damage.
The howler monkey hits you.
* * * LOW HITPOINT WARNING * * *
The sky beast hits you but does no damage.
The howler monkey hits you but does no damage. x2 😱 HP[-7]
You take 7 damage, and now have 8/69 hp.
Unknown command.
You closely miss the sky beast. You slash the howler monkey!
You kill the howler monkey!
Okawaru accepts your kill.
You slash the howler monkey!
* * * LOW HITPOINT WARNING * * *
You feel very sick.
The howler monkey completely misses you.
The sky beast hits you but does no damage.
You block the howler monkey's attack. The sky beast closely misses you.
The kobold hits you but does no damage.
Your Invocations skill increases to level 1! 😱 HP[-4]
You take 4 damage, and now have 4/69 hp.
You slash the sky beast!
You kill the sky beast!
Okawaru accepts your kill.
You slash the howler monkey!
You kill the howler monkey!
Okawaru accepts your kill.
You hit the kobold.
You kill the kobold!
Okawaru accepts your kill.
You die...

Skill      XL: |  1  2  3  4  5  6  7  8  9 |
---------------+----------------------------+-----
Axes           | 3 4 5 6 7 |  7.0
Fighting       | 4 5 6 |  6.2
Armour         | 4 5 6 |  6.1
Shields        | 5 6 7 |  7.4
Invocations    | 1 |  1.0
Throwing       | |  0.7

Action                   |  1- 3 |  4- 6 |  7- 9 || total
-------------------------+-------+-------+-------++-------
Melee: War axe           |    24 |       |       ||    24
       Battleaxe         |    49 |    70 |   155 ||   274
Armor: Scale mail        |    45 |    12 |       ||    57
       Plate armour      |       |    42 |   117 ||   159
Dodge: Dodged            |    47 |    42 |    92 ||   181
Block: Buckler           |    22 |    14 |    54 ||    90

Levels and vault maps discovered:
D:1:      lightli_iron_boxes, layout_basic
D:2:      layout_rooms, shapermc_ecumenical_altar_flowoftime
D:3:      layout_basic, uniq_natasha
D:4:      layout_rooms, serial_shops, nicolae_take_the_stairs,
          uniq_blork_the_orc
D:5:      layout_basic, minmay_temple_entry_stoned_glass, serial_shops,
          nicolae_lakefront_shop, grunt_ministairs_2,
          minmay_misc_feat_more_columns, kennysheep_generic_room_15
D:6:      layout_basic, serial_rivers, chequers_serial_rivers_small_a,
          chequers_serial_rivers_micro_c, chequers_serial_rivers_micro_d,
          chequers_serial_rivers_micro_b, chequers_serial_rivers_small_a
D:7:      layout_basic, chequers_temple_overflow_statue_of_worship,
          serial_shops, shop_statue, hellmonk_ghost_happy_afterlife,
          uniq_duvessa, uniq_joseph

Notes
Turn   | Place    | Note
-------+----------+-------------------------------------------
     0 | D:1      | Sanktem7 the Formicid Fighter began the quest for the Orb.
     0 | D:1      | Reached XP level 1. HP: 18/18 MP: 1/1
     0 | D:1      | magus.rc [v1.9.6]
    10 | D:1      | You fall into a shaft and drop 1 floor!
    78 | D:2      | Reached XP level 2. HP: 24/24 MP: 2/2
   291 | D:2      | Found a faded altar of an unknown god.
   486 | D:2      | Reached XP level 3. HP: 20/29 MP: 3/3
   994 | D:1      | Reached skill level 3 in Axes
   994 | D:1      | Reached XP level 4. HP: 24/37 MP: 4/4
  1256 | D:1      | You pick up a book of Power and begin reading...
  1256 | D:1      | You add the spells Iskenderun's Battlesphere, Iron Shot and
                  | Spellforged Servitor to your library.
  1533 | D:3      | Noticed Natasha
  1539 | D:3      | Killed Natasha
  1540 | D:3      | Reached XP level 5. HP: 41/42 MP: 5/5
  1621 | D:3      | Found the +15 Maxwell's patent armour {-Cast -Tele rElec
                  | Will+ rCorr}
  1719 | D:3      | Noticed Natasha
  1724 | D:3      | Killed Natasha
  1725 | D:3      | Reached skill level 4 in Fighting
  1725 | D:3      | Reached skill level 4 in Armour
  1792 | D:3      | You pick up a book of Air and begin reading...
  1792 | D:3      | You add the spells Shock and Airstrike to your library.
  2077 | D:3      | Noticed Natasha
  2083 | D:3      | Killed Natasha
  2084 | D:3      | Reached skill level 5 in Shields
  2110 | D:4      | Noticed Blork the orc
  2118 | D:4      | Killed Blork the orc
  2119 | D:4      | Reached skill level 4 in Axes
  2119 | D:4      | Reached XP level 6. HP: 48/49 MP: 6/6
  2265 | D:4      | Reached XP level 7. HP: 52/55 MP: 7/7
  2283 | D:4      | Found Kagucra's Armour Boutique.
  2616 | D:5      | Entered Level 5 of the Dungeon
  2691 | D:5      | Found a staircase to the Ecumenical Temple.
  2703 | D:5      | Reached skill level 5 in Fighting
  2703 | D:5      | Reached skill level 5 in Axes
  2703 | D:5      | Reached skill level 6 in Shields
  2709 | D:5      | Reached skill level 5 in Armour
  2994 | D:5      | Reached XP level 8. HP: 21/62 MP: 8/8
  3203 | D:5      | Found Ozadgha's Antique Armour Boutique.
  3544 | D:5      | You add the spells Alistair's Intoxication, Borgnjor's Vile
                  | Clutch and Eringya's Noxious Bog to your library.
  3847 | D:6      | Reached skill level 6 in Axes
  4330 | D:6      | You pick up a book of Lightning and begin reading...
  4330 | D:6      | You add the spells Static Discharge, Lightning Bolt and
                  | Maxwell's Capacitive Coupling to your library.
  4732 | D:6      | Reached skill level 7 in Shields
  5010 | D:7      | Found Cyud's General Store.
  5020 | D:7      | Reached skill level 6 in Fighting
  5033 | D:7      | Bought 2 potions of curing for 78 gold pieces
  5033 | D:7      | Bought a scroll of identify for 26 gold pieces
  5108 | D:7      | Found an iron altar of Okawaru.
  5109 | D:7      | Found an ornate altar of the Wu Jian Council.
  5110 | D:7      | Found a hide-covered altar of Uskayaw.
  5114 | D:7      | Became a worshipper of Warmaster Okawaru
  5183 | D:7      | Reached skill level 6 in Armour
  5183 | D:7      | Reached XP level 9. HP: 67/69 MP: 9/9
  5261 | D:7      | Noticed AverageBear's ghost (novice OpTm)
  5266 | D:7      | Found a runed translucent door.
  5436 | D:7      | Identified the +1 scale mail of Varoxzih {+Blink Int+5}
  5449 | D:7      | Reached skill level 7 in Axes
  5452 | D:7      | HP: 15/69 [poisoned by a kobold]
  5454 | D:7      | HP: 4/69 [poisoned by a kobold]
  5455 | D:7      | Reached skill level 1 in Invocations
  5455 | D:7      | Succumbed to a kobold's poison

Vanquished Creatures
  A sky beast (D:7)
  3 ogres
  2 kobold brigands
  A phantom (D:4)
  Blork the orc (D:4)
  A bullfrog (D:7)
  A necrophage (D:6)
  2 scorpions
  3 howler monkeys (D:7)
  3 jellies
  An orc priest (D:5)
  4 hounds
  A gnoll bouda (D:7)
  4 orc wizards
  2 iguanas (D:5)
  Natasha (thrice) (D:3)
  5 adders
  5 gnolls
  A shadow imp (D:7)
  A white imp (D:6)
  3 dart slugs
  23 orcs
  7 bats
  9 endoplasms
  4 giant cockroaches
  9 goblins
  6 hobgoblins
  7 jackals
  14 kobolds
  4 quokkas
  8 ball pythons
  2 frilled lizards
141 creatures vanquished.

Table legend:
 A = Non-vault XP
 B = Vault XP
 C = Vault XP percentage of total XP
 D = Non-vault monster count
 E = Vault monster count
 F = Vault count percentage of total count
                 A         B        C        D         E       F
            +---------+---------+-------+---------+---------+-------
      Total |    2250 |     185 |   7.6 |     135 |       6 |   4.3
            +---------+---------+-------+---------+---------+-------
        D:1 |      64 |       0 |   0.0 |      26 |       0 |   0.0
        D:2 |      32 |       0 |   0.0 |      17 |       0 |   0.0
        D:3 |      92 |      35 |  27.6 |      12 |       1 |   7.7
        D:4 |     252 |      91 |  26.5 |      25 |       1 |   3.8
        D:5 |     582 |      59 |   9.2 |      17 |       4 |  19.0
        D:6 |     493 |       0 |   0.0 |      15 |       0 |   0.0
        D:7 |     735 |       0 |   0.0 |      23 |       0 |   0.0
            +---------+---------+-------+---------+---------+-------

Illustrated notes

Table legend:
 A = Kills in this place as a percentage of kills in entire the game.
 B = Kills by you in this place as a percentage of kills by you in the entire game.
 C = Kills by friends in this place as a percentage of kills by friends in the entire game.
 D = Other kills in this place as a percentage of other kills in the entire game.
 E = Experience gained in this place as a percentage of experience gained in the entire game.
 F = Experience gained in this place divided by the number of levels of this place that you have seen.
                   A       B       C       D       E      F
               +-------+-------+-------+-------+-------+----------------------
         Total | 100.0 | 100.0 |   N/A |   N/A | 100.0 | 347.9
       Dungeon | 100.0 | 100.0 |   N/A |   N/A | 100.0 | 347.9
               +-------+-------+-------+-------+-------+----------------------

Table legend: (Time is in decaauts)
 A = Elapsed time spent in this place.
 B = Non-inter-level travel time spent in this place.
 C = Inter-level travel time spent in this place.
 D = Time resting spent in this place.
 E = Time spent auto-exploring this place.
 F = Levels seen in this place.
 G = Mean time per level.
                   A        B        C        D        E       F      G
               +--------+--------+--------+--------+--------+-----+--------+
         Total |   5603 |   5460 |    143 |      0 |   4568 |   7 |  800.4 |
       Dungeon |   5603 |   5460 |    143 |      0 |   4568 |   7 |  800.4 |
               +--------+--------+--------+--------+--------+-----+--------+

Top non-repeatable levels by time:
     D:6: 1203 daAuts
     D:5: 1193 daAuts
     D:2: 778 daAuts
     D:1: 725 daAuts
     D:3: 656 daAuts
     D:4: 541 daAuts
     D:7: 505 daAuts
